 Dungeon Crawl Stone Soup version 0.28.0 (console) character file.

Game seed: 1016565152964955409

168 ryathie the Skirmisher (level 5, -3/51 HPs)
             Began as a Gargoyle Fighter on Feb 17, 2022.
             Slain by esper6's ghost (5 damage)
             ... on level 3 of the Dungeon.
             The game lasted 00:04:12 (667 turns).

ryathie the Skirmisher (Gargoyle Fighter)            Turns: 667, Time: 00:04:12

Health: -3/51      AC: 12    Str: 21      XL:     5   Next: 49%
Magic:  5/5        EV:  9    Int:  9      God:
Gold:   16         SH:  4    Dex: 10 (11) Spells: 4/4 levels left

rFire   . . .      SeeInvis .   a - +0 war axe
rCold   . . .      Faith    .   c - +0 buckler
rNeg    + . .      Spirit   .   b - +0 scale mail
rPois   ∞          Reflect  .   h - +0 helmet
rElec   +          Harm     .   (no cloak)
rCorr   .          Rampage  .   (no gloves)
Will    .....                   (no boots)
Stlth   ..........              (no amulet)
HPRegen 0.17/turn               (no ring)
MPRegen 0.09/turn               (no ring)

@: mighty, berserking, very quick
A: sickness immunity, AC +4, negative energy resistance 1, electricity
resistance, torment resistance 1, petrification resistance, strong 1
a: no special abilities


You were on level 3 of the Dungeon.
You visited 1 branch of the dungeon, and saw 3 of its levels.

You collected 16 gold pieces.

Inventory:

Hand Weapons
 a - a +0 war axe (weapon)
Missiles
 j - 4 poisoned darts (quivered)
Armour
 b - a +0 scale mail (worn)
 c - a +0 buckler (worn)
 h - a +0 helmet (worn)
Wands
 q - a wand of iceblast (8)
Scrolls
 e - a scroll of silence {unknown}
 g - a scroll of holy word
 l - a scroll of acquirement {unknown}
 m - a scroll of immolation {unknown}
 n - a scroll of enchant armour {unknown}
 p - a scroll of noise {unknown}
Potions
 i - a potion of curing {unknown}
 k - a potion of brilliance {unknown}
 o - a potion of mutation


   Skills:
 + Level 4.6 Fighting
 + Level 3.2 Axes
 - Level 2.0 Throwing
 - Level 3.2 Armour
 - Level 3.2 Shields
 + Level 1.1 Evocations


You had 4 spell levels left.
You didn't know any spells.
Your spell library was empty.

Dungeon Overview and Level Annotations

Branches:
Dungeon (3/15)

Altars:

Shops:
D:3 ?

Annotations:
D:3 1 transporter, Sigmund; esper6's ghost, novice MfWn


Innate Abilities, Weirdness & Mutations

You are immune to sickness and miasma.
Your stone body is resilient. (AC +4)
You are immune to poison.
You resist negative energy. (rN+)
You are resistant to electric shocks. (rElec)
You are resistant to unholy torment.
You are immune to petrification.
Your muscles are strong. (Str +2)


Message History

The quasit bites you but does no damage.
The quasit barely misses you. The quasit closely misses you.
You hit esper6's ghost.
Esper6's ghost is lightly damaged.
You hit the quasit. x2
You kill the quasit!
Esper6's ghost barely misses you. The quasit barely misses you.
The quasit claws you.
* * * LOW HITPOINT WARNING * * *
The quasit claws you.
* * * LOW HITPOINT WARNING * * *
You feel your dexterity returning.
Your Axes skill increases to level 3!
You have reached level 5!
You slash esper6's ghost!
Esper6's ghost is lightly damaged.
You slash the quasit! You miss the quasit.
The quasit bites you but does no damage.
The quasit barely misses you. The quasit completely misses you.
The quasit bites you but does no damage.
The quasit barely misses you. x2
Esper6's ghost hits you but does no damage.
You closely miss esper6's ghost.
Esper6's ghost is lightly damaged.
You slash the quasit! x2
You kill the quasit!
The quasit bites you but does no damage.
The quasit claws you but does no damage.
You block the quasit's attack.
Esper6's ghost hits you but does no damage.
The quasit bites you but does no damage.
The quasit closely misses you.
The quasit claws you but does no damage.
Training target 2.0 for Throwing reached!
Your Throwing skill increases to level 2!
Your Evocations skill increases to level 1!
You hit esper6's ghost.
Esper6's ghost is moderately damaged.
You barely miss the quasit. Esper6's ghost hits you.
You die...

.#. #. #.#.#####. #.#.
####.##.#....... .#.#......#
........#....... #.#.#.....#
######....#....... .#.#......#
#......<..#......r
#.#.#.....###...................
.#.#+.....# .....####©###.......
#.#.#.....##.#####..###.##......
.#.#......#..#©.@5#......##.....
..........#.##.W.#...#....#.....
.....#.####.#......#..##..#.#...
..†..#.####.#..##..W..#...#.....
.....#.#))..#.....#.....#.##....
######.#)##.##.##..=###....# ...
#.#)##).#.....$$..#..## ..
#.#.###.##..#####. ### .# #)#.#
#..####.©.####.


You could see a quasit and esper6's ghost.

Vanquished Creatures
  2 quasits (D:3)
  Ijyb (D:3)
  An iguana (D:2)
  Robin (D:3)
  An adder (D:2)
  A dart slug (D:3)
  3 endoplasms
  2 giant cockroaches (D:3)
  10 goblins
  4 hobgoblins (D:3)
  6 ball pythons
  A rat (D:2)
33 creatures vanquished.

Notes
Turn   | Place    | Note
-------+----------+-------------------------------------------
     0 | D:1      | ryathie the Gargoyle Fighter began the quest for the Orb.
     0 | D:1      | Reached XP level 1. HP: 14/14 MP: 1/1
    77 | D:2      | Reached XP level 2. HP: 12/19 MP: 2/2
   172 | D:3      | Noticed esper6's ghost (novice MfWn)
   173 | D:3      | Noticed Sigmund
   204 | D:2      | Reached skill level 4 in Fighting
   204 | D:2      | Reached XP level 3. HP: 10/24 MP: 3/3
   273 | D:2      | Reached skill level 1 in Throwing
   488 | D:3      | Found Eguheops's Magic Scroll Shoppe.
   490 | D:3      | Noticed Ijyb
   497 | D:3      | Killed Ijyb
   498 | D:3      | Reached XP level 4. HP: 29/29 MP: 4/4
   583 | D:3      | Found a transporter.
   585 | D:3      | Noticed Robin
   615 | D:3      | Killed Robin
   627 | D:3      | Found a transporter.
   655 | D:3      | HP: 1/30 [quasit (2)]
   659 | D:3      | Gained mutation: Your muscles are strong. (Str +2) [potion
                  | of mutation]
   664 | D:3      | HP: 2/45 [quasit (1)]
   665 | D:3      | Reached XP level 5. HP: 2/34 MP: 5/5
   667 | D:3      | Reached skill level 1 in Evocations
   667 | D:3      | Slain by esper6's ghost

Illustrated notes

Levels and vault maps discovered:
D:1:      dpeg_arrival_pits, layout_basic, dilly_ecumenical_altar_fadedgnrine
D:2:      layout_basic, grunt_ministairs_7, kennysheep_generic_room_13
D:3:      layout_basic, gammafunk_ghost_stat_death, serial_shops,
          nicolae_shop_advertising_works [nicolae_subvault_shop_adworks],
          uniq_ijyb, uniq_sigmund, uniq_robin

Skill      XL: |  1  2  3  4  5 |
---------------+----------------+-----
Axes           | 2 3 |  3.2
Fighting       | 4 |  4.6
Throwing       | 1 2 |  2.0
Evocations     | 1 |  1.1
Armour         | |  3.2
Shields        | |  3.2

Action                   |  1- 3 |  4- 6 || total
-------------------------+-------+-------++-------
Melee: War axe           |    64 |    38 ||   102
Throw: Dart              |     4 |       ||     4
  Use: Scroll            |     1 |       ||     1
       Potion            |       |     3 ||     3
Armor: Scale mail        |    39 |    72 ||   111
Dodge: Dodged            |    41 |    50 ||    91
Block: Buckler           |    11 |    17 ||    28
